 Dungeon Crawl Stone Soup version 0.29.1-1-gd02db6906a (webtiles) character file.

Game seed: 8589741438892349282

196 Araneus the Sneak (level 5, -4/31 HPs)
             Began as an Octopode Enchanter on Oct 1, 2022.
             Slain by a phantom (7 damage)
             ... on level 4 of the Dungeon.
             The game lasted 00:09:50 (3008 turns).

Araneus the Sneak (Octopode Enchanter)              Turns: 3008, Time: 00:09:50

Health: -4/31      AC:  1    Str:  7    XL:     5   Next: 75%
Magic:  8/8        EV: 13    Int: 18    God:
Gold:   202        SH:  0    Dex: 14    Spells: 3/8 levels left

rFire   . . .      SeeInvis .   f - +2 dagger (freeze)
rCold   . . .      Faith    .   (no shield)
rNeg    . . .      Spirit   .   (helmet restricted)
rPois   .          Reflect  .   (no amulet)
rElec   .          Harm     .   (no ring)
rCorr   .          Rampage  .   (no ring)
Will    .....                   (no ring)
Stlth   ++++......              (no ring)
HPRegen 0.10/turn               (no ring)
MPRegen 0.11/turn               (no ring)
                                (no ring)
                                (no ring)

@: invisible
A: almost no armour, amphibious, 8 rings, camouflage 1, gelatinous body 1,
(nimble swimmer 1), tentacles
a: no special abilities


You were on level 4 of the Dungeon.
You visited 1 branch of the dungeon, and saw 4 of its levels.

You collected 202 gold pieces.

Inventory:

Hand Weapons
 f - a +2 dagger of freezing (weapon)
Wands
 k - a wand of flame (18)
 l - a wand of iceblast (5)
Scrolls
 i - a scroll of vulnerability {unknown}
 j - a scroll of enchant armour {unknown}
Potions
 a - a potion of degeneration {unknown}
 b - 2 potions of invisibility
 c - a potion of lignification
 d - a potion of magic {unknown}
 e - a potion of might {unknown}
 g - 2 potions of curing {unknown}
 h - a potion of heal wounds {unknown}
 m - a potion of flight {unknown}


   Skills:
 * Level 2.4 Short Blades
 + Level 2.6 Dodging
 + Level 7.2 Stealth
 - Level 2.0 Spellcasting
 * Level 3.4 Hexes


You had 3 spell levels left.
You knew the following spells:

 Your Spells              Type           Power      Damage    Failure   Level
a - Ensorcelled Hibernat  Hex/Ice        14%        N/A       14%         2
b - Dazzling Flash        Conj/Hex       14%        N/A       26%         3

Your spell library contained the following spells:

 Spells                   Type           Power      Damage    Failure   Level
 Confusing Touch          Hex            14%        N/A       14%         3
 Tukima's Dance           Hex            14%        N/A       14%         3
 Necrotise                Necr           4%         1d4       19%         1
 Blink                    Tloc           2%         N/A       26%         2
 Poisonous Vapours        Pois/Air       2%         N/A       26%         2
 Corpse Rot               Necr/Pois/Air  1%         N/A       87%         4
 Manifold Assault         Tloc           1%         N/A       99%         5
 Storm Form               Tmut/Air       0%         N/A       100%        7


Dungeon Overview and Level Annotations

Branches:
Dungeon (4/15)
 Temple: D:4-7

Altars:


Innate Abilities, Weirdness & Mutations

You cannot wear most types of armour.
You are amphibious.
You can wear up to eight rings at the same time.
Your skin changes colour to match your surroundings (Stealth+).
Your rubbery body absorbs attacks. (AC +1, EV +1)
((You are camouflaged when in or above water. (Stealth+)))
You have tentacles for arms and can constrict up to eight enemies at once.


Message History

Casting: Ensorcelled Hibernation (safe; 14% risk of failure)
Confirm with . or Enter, or press ? or * to list all spells.
You can't see any susceptible monsters within range! (Use Z to cast anyway.) Unknown command.
Casting: Ensorcelled Hibernation (safe; 14% risk of failure)
Confirm with . or Enter, or press ? or * to list all spells.
You can't see any susceptible monsters within range! (Use Z to cast anyway.) Unknown command.
Casting: Ensorcelled Hibernation (safe; 14% risk of failure)
Confirm with . or Enter, or press ? or * to list all spells.
You can't see any susceptible monsters within range! (Use Z to cast anyway.)
The phantom attacks as you move away! The phantom hits you.
There is a large open door here.
The phantom attacks as you move away! The phantom closely misses you.
You hit the phantom.
The phantom is lightly damaged.
The phantom hits you!
You closely miss the phantom.
Your tentacle-slap misses the phantom.
Your squeeze misses the phantom.
The phantom is lightly damaged.
The phantom completely misses you.
You hit the phantom.
The phantom is lightly damaged.
The phantom hits you.
You closely miss the phantom.
The phantom is lightly damaged.
The phantom hits you!
You fade into invisibility!
The phantom hits you!
* * * LOW HITPOINT WARNING * * *
You hit the phantom but do no damage.
The phantom is lightly damaged.
The phantom closely misses you.
You catch the helpless phantom completely off-guard!
You puncture the phantom! You freeze the phantom.
The phantom is severely damaged.
You hit the phantom.
The phantom is severely damaged.
The phantom hits you!
You die...

###.# ... ..#.# #.... #.#.#
##### #.##.###.#.# #....
#........#.# ##### #....
#...#.#..#.# #...######....
........†..#####........[....
...........W@...<............
.####''####..............###
#.......?#####.....(....# #
#..........# #..........###
#............# #.............
#..............#####........##
................ #........##
.........)...... #........##
................ #........##


You could see a phantom (unable to see you).

Vanquished Creatures
  A hound (D:4)
  Ijyb (D:3)
  Terence (D:2)
  Jessica (D:2)
  An adder (D:2)
  2 worms
  2 dart slugs
  5 ball pythons
  6 endoplasms
  3 giant cockroaches
  8 goblins
  5 hobgoblins
  9 jackals
  3 quokkas
  6 bats
  2 frilled lizards
  6 kobolds
  6 rats
68 creatures vanquished.

Vanquished Creatures (others)
  A plant (D:1)
1 creature vanquished.

Grand Total: 69 creatures vanquished

Notes
Turn   | Place    | Note
-------+----------+-------------------------------------------
     0 | D:1      | Araneus the Octopode Enchanter began the quest for the Orb.
     0 | D:1      | Reached XP level 1. HP: 11/11 MP: 3/3
   161 | D:1      | Reached XP level 2. HP: 16/17 MP: 5/5
   164 | D:1      | Learned a level 2 spell: Ensorcelled Hibernation
   476 | D:1      | Reached skill level 5 in Stealth
   752 | D:1      | Reached XP level 3. HP: 15/21 MP: 2/6
  1301 | D:1      | Found a faded altar of an unknown god.
  1304 | D:1      | Got Plato's Catalogue of the Dead
  1572 | D:2      | Noticed Terence
  1576 | D:2      | Killed Terence
  1577 | D:2      | Reached skill level 6 in Stealth
  1577 | D:2      | Reached XP level 4. HP: 27/27 MP: 7/7
  1786 | D:2      | Noticed Jessica
  1801 | D:2      | Killed Jessica
  2355 | D:2      | Reached XP level 5. HP: 25/31 MP: 8/8
  2480 | D:3      | Noticed Ijyb
  2484 | D:3      | Killed Ijyb
  2489 | D:3      | Learned a level 3 spell: Dazzling Flash
  2637 | D:3      | Reached skill level 7 in Stealth
  2991 | D:4      | Noticed a phantom
  3008 | D:4      | Slain by a phantom

Illustrated notes

Levels and vault maps discovered:
D:1:      dpeg_arrival_three_bigger_balls, layout_loops_ring,
          shapermc_ecumenical_altar_rom_forum, kennysheep_another_room
D:2:      layout_basic, nrook_mini_vaults, serial_bayou_pond_d,
          kennysheep_donut, uniq_jessica, uniq_terence
D:3:      layout_rooms, uniq_ijyb
D:4:      kennysheep_big_flooded_room, layout_basic, minmay_unequal,
          uniq_blork_the_orc

Skill      XL: |  1  2  3  4  5 |
---------------+----------------+-----
Stealth        | 5 6 7 |  7.2
Short Blades   | 2 |  2.4
Dodging        | |  2.6
Spellcasting   | |  2.0
Hexes          | |  3.4

Action                   |  1- 3 |  4- 6 || total
-------------------------+-------+-------++-------
Melee: Dagger            |    51 |    70 ||   121
       Tentacles         |     5 |    10 ||    15
       Constrict         |    10 |     6 ||    16
 Cast: Ensorcelled Hiber |    10 |     9 ||    19
  Use: Scroll            |     2 |       ||     2
       Potion            |       |     1 ||     1
 Stab: Sleeping          |    14 |    19 ||    33
       Invisible         |       |     1 ||     1
Armor: Skin              |     2 |     3 ||     5
Dodge: Dodged            |    24 |    25 ||    49
